Map: Dead of Night

Players

NamroodTuo

  • Race: Zerg Zerg

wasp

  • Race: Zerg Zerg
  • Spawn Location: 0:00

VOD

Have the link to the VOD?

Description

Time

  • Played on: May 19, 2023, 5:16 p.m.
  • Length: 50:36
Show
View Real Time Build Order
Export as new Build Order

NamroodTuo Zerg 

Build Orders:  

Get SALT Encoding   

  12  0:19  Infested Barracks  
  12  0:26  Infested SCV  
  13  0:32  Infested SCV  
  14  0:40  Infested SCV  
  15  0:54  Overlord  
  15  1:21  Infested SCV  
  15  1:24  Infestation Level 1  
  15  1:26  Infested SCV  
  17  1:42  Infested SCV, Infested Refinery  
  18  1:53  Infested SCV  
  18  1:55  Infested SCV  
  20  2:02  Overlord  
  20  2:09  Infested SCV  
  21  2:25  Infested SCV, Infested Refinery  
  22  2:41  Infested Engineering Bay  
  22  2:43  Infested Barracks Tech Lab  
  22  2:54  Infested SCV  
  22  2:59  Overlord  
  23  3:14  Retinal Augmentation  
  23  3:29  Infested SCV  
  24  3:30  Infested SCV  
  25  3:41  Infestation Level 2  
  25  4:00  Infested SCV  
  25  4:01  Infested SCV  
  27  4:21  Infested Bunker  
  27  4:24  Infested Marine x2  
  27  4:25  Infested Marine x4  
  37  4:37  Overlord  
  37  4:38  Infested SCV  
  38  5:04  Overlord  
  38  5:05  Infested SCV  
  39  5:26  Infested Bunker  
  39  5:29  Infested SCV  
  44  5:42  Unknown, Infested SCV  
  45  6:01  Infested Factory, Regenerative Plating  
  45  6:04  Anaerobic Enhancement  
  45  6:16  Infested Missile Turret  
  42  6:29  Overlord, Infested SCV  
  40  6:30  Infested SCV  
  41  6:44  Infested Missile Turret  
  41  7:01  Stukov Infantry Armor Level 1  
  41  7:03  Infested Armory  
  41  7:05  Broodling Gestation  
  41  7:10  Overlord  
  41  7:11  Infested SCV  
  41  7:15  Overseer  
  41  7:16  Overseer  
  41  7:17  Overseer  
  42  7:21  Infested SCV  
  43  7:31  Infested Missile Turret  
  43  8:06  Infested SCV x3  
  50  8:10  Infested Bunker  
  50  8:20  Infested SCV  
  50  8:22  Aggressive Incubation  
  51  9:02  Infested Bunker  
  55  9:10  Infested Factory, Infested Factory Tech Lab  
  55  9:21  Infested SCV x4, Infested Refinery  
  59  9:38  Infested Bunker  
  63  9:41  Stukov Infantry Weapons Level 1  
  63  10:03  Infested Bunker  
  71  10:48  Infested Bunker  
  71  10:53  Overlord x4  
  71  11:36  Infested Bunker  
  75  11:41  Infested Missile Turret  
  75  12:01  Overseer  
  75  12:02  Overseer x3  
  75  12:05  Infestation Level 3  
  75  12:10  Infested Missile Turret  
  75  12:21  Calcified Armor  
  75  12:59  Infested Bunker  
  79  13:13  Infested Bunker  
  79  13:16  Infested Siege Tank  
  79  13:18  Infested Siege Tank  
  89  13:21  Stukov Infantry Armor Level 2  
  89  13:22  Infested SCV  
  94  14:11  Infested Bunker  
  88  14:37  Plagued Munitions  
  88  14:45  Infested Diamondback  
  88  14:46  Infested Siege Tank x2  
  97  15:01  Infested Missile Turret  
  97  15:29  Infested Missile Turret  
  97  15:44  Stukov Vehicle and Ship Armor Level 1  
  97  15:53  Infested Bunker  
  97  15:55  Overlord x3  
  97  15:58  Infested Missile Turret  
  97  15:59  Overseer  
  101  16:02  Overseer  
  101  16:21  Saturated Cultures  
  101  16:31  Stukov Infantry Weapons Level 2  
  101  16:56  Infested Siege Tank  
  104  17:18  Infested Siege Tank  
  107  17:20  Infested Siege Tank  
  107  17:21  Caustic Mucus  
  110  18:13  Infested Bunker  
  114  18:24  Stukov Vehicle and Ship Weapons Level 1  
  114  18:43  Infested Siege Tank  
  114  18:44  Infested Siege Tank x2  
  123  18:50  Overlord x2  
  123  18:51  Automated Mitosis  
  123  19:03  Infested Missile Turret  
  123  19:31  Infested Missile Turret  
  123  19:41  Stukov Infantry Armor Level 3  
  123  19:51  Acidic Enzymes  
  123  19:59  Infested Missile Turret  
  123  20:11  Infested Siege Tank  
  123  20:12  Infested Siege Tank x4  
  123  20:16  Overlord x4  
  123  20:17  Overlord  
  142  21:03  Infested Bunker  
  142  21:33  Infested Siege Tank, Infested Diamondback  
  142  21:34  Infested Siege Tank, Infested Diamondback  
  158  22:10  Infested Bunker  
  162  22:53  Stukov Vehicle and Ship Armor Level 2  
  162  22:58  Infested Bunker  
  162  23:21  Stukov Infantry Weapons Level 3  
  162  24:07  Infested Diamondback x4  
  162  24:08  Infested Diamondback  
  177  25:46  Overlord x5  
  177  26:03  Stukov Vehicle and Ship Weapons Level 2  
  177  26:33  Overseer  
  177  27:27  Infested Missile Turret  
  177  27:35  Infested Missile Turret  
  177  27:55  Infested Missile Turret  
  177  28:07  Infested Missile Turret  
  177  28:20  Infested Diamondback x2  
  177  28:21  Infested Diamondback x3  
  177  28:24  Infested Missile Turret  
  192  28:51  Infested Missile Turret  
  192  28:53  Infested Missile Turret  
  192  29:12  Stukov Vehicle and Ship Armor Level 3  
  192  29:20  Infested Missile Turret  
  192  29:31  Infested Missile Turret  
  192  29:48  Infested Missile Turret  
  192  29:59  Infested Missile Turret  
  192  31:54  Infested Starport  
  192  32:52  Stukov Vehicle and Ship Weapons Level 3  
  192  32:54  Infested Starport Tech Lab  
  196  33:02  Infested Bunker  
  200  33:34  Fungal Growth  
  200  33:54  Infested Bunker  
  197  34:22  Brood Queen  
  199  34:34  Viral Contamination  
  199  35:34  Cloud Dispersal  
  199  36:34  Enhanced Mitochondria  
  199  37:34  Rapid Hibernation  
  199  38:34  Braced Exoskeleton  
Show
View Real Time Build Order
Export as new Build Order

wasp Zerg 

Build Orders:  

Get SALT Encoding   

  12  1:00  Spawning Pool  
  11  1:15  Drone x2  
  11  1:16  Drone  
  14  1:21  Overlord x2  
  14  1:22  Overlord  
  14  2:00  Zergling x4  
  16  2:56  Zergling x4  
  16  2:57  Zergling x4  
  20  4:08  Extractor  
  19  4:29  Extractor  
  18  4:39  Drone x3  
  29  4:40  Drone x3  
  24  11:00  Drone x4  
  24  11:01  Drone x2  
  30  14:53  Lair  
  30  15:10  Overlord x2  
  30  15:11  Overlord x4  
  30  15:40  Zergling x2  
  31  16:21  Hydralisk Den  
  30  16:35  Spire  
  29  16:52  Nydus Network  
  29  16:53  Drone x3  
  29  16:54  Drone x2  
  33  17:32  Queen  
  35  17:43  Mutalisk  
  35  17:44  Hydralisk  
  39  18:09  Drone x3  
  42  19:47  Mutalisk x4  
  50  19:51  Hydralisk  
  50  19:53  Hydralisk  
  37  21:46  Hive  
  37  22:51  Zergling x8  
  37  22:52  Zergling x4  
  43  23:05  Ultralisk Cavern  
  42  25:41  Overseer  
  42  25:43  Overseer  
  42  25:51  Overseer x5  
  42  25:52  Overseer x3  
  42  26:51  Mutalisk x4  
  42  26:52  Mutalisk x2  
  54  27:09  Extractor  
  53  27:15  Drone  
  54  28:32  Mutalisk x3  
  54  28:33  Mutalisk x2  
  64  29:01  Drone x2  
  50  31:17  Greater Spire  
  50  31:35  Ultralisk  
  50  31:36  Ultralisk x4  
  80  31:52  Ultralisk  
  86  33:22  Overlord x4  
  86  33:23  Overlord x2  
  86  34:17  Overseer x4  
  86  34:18  Overseer x2  
  86  34:43  Ultralisk x6  
  86  35:18  Ultralisk x2  
  86  35:19  Ultralisk  
  98  36:36  Ultralisk  
  98  36:37  Ultralisk x2  
  110  38:29  Ultralisk  
  116  38:32  Overlord x2  
  116  38:33  Overlord x3  
  116  39:09  Overseer x3  
  236  39:10  Overseer x2  
  110  39:28  Ultralisk x2  
  122  39:37  Ultralisk  
  128  40:34  Spore Crawler  
  127  40:54  Overlord x4  
  127  40:55  Overlord x2  
  127  41:37  Overseer  
  127  41:40  Overseer x3  
  127  41:41  Overseer x2  
  127  42:14  Ultralisk  
  127  42:15  Ultralisk  
  145  42:26  Ultralisk  
  52  48:03  Overseer x3  
  52  48:04  Overseer x5  
  52  48:05  Overseer x4  
  52  48:06  Overseer  
  52  48:10  Overseer x2  
  52  48:11  Overseer x4  
  52  48:12  Overseer x4  
  52  48:22  Overseer  
  52  48:25  Overseer  
  28  49:33  Overlord  
  28  49:36  Overlord x2  
  28  49:37  Overlord x3  
  24  49:55  Overseer x2  
Tags
 
Matchup
Co-op
Replay Pack
Multiplayer
Add a new tag
Caveats
  • Supply blocks, unpowered buildings, or Contaminate may cause inaccurate times.
  • Supply counts are checked every 10 seconds.